 Dungeon Crawl Stone Soup version 0.27-a0-1084-g78b3836a5f (webtiles) character file.

Game seed: 16771402234624455726

526 tilp the Sneak (level 7, -6/37 HPs)
             Began as a Vine Stalker Brigand on Apr 27, 2021.
             Succumbed to Sigmund's poison
             ... on level 3 of the Dungeon.
             The game lasted 00:07:12 (3343 turns).

tilp the Sneak (Vine Stalker Brigand)               Turns: 3343, Time: 00:07:12

Health: -6/37      AC: 14    Str: 13    XL:     7   Next: 23%
Magic:  4/8        EV:  5    Int: 11    God:
Gold:   568        SH:  4    Dex: 18    Spells: 6/6 levels left

rFire    . . .     SeeInvis .   a - +2 dagger (venom)
rCold    + . .     Faith    .   h - +0 buckler
rNeg     . . .     Spirit   +   p - +2 chain mail {rC+}
rPois    .         Reflect  .   q - +0 helmet
rElec    .         Harm     .   c - +2 cloak
rCorr    .         Rampage  .   (no gloves)
Will     .....                  (no boots)
Stlth    ..........             (no amulet)
HPRegen  1.12/turn              m - ring of flight
MPRegen  0.11/turn              (no ring)

@: lethally poisoned (-6 -> -29), attractive, flying
A: fangs 2, regeneration 1, magic shield, antimagic bite, no potion heal 2
a: no special abilities


You were on level 3 of the Dungeon.
You visited 1 branch of the dungeon, and saw 4 of its levels.

You collected 783 gold pieces.
You spent 215 gold pieces at shops.

Inventory:

Hand Weapons
 a - a +2 dagger of venom (weapon)
 b - a +3 dagger of electrocution
Missiles
 d - 4 poisoned darts (quivered)
 e - 2 curare-tipped darts {!f}
 r - 4 boomerangs
Armour
 c - a +2 cloak (worn)
 h - a +0 buckler (worn)
 l - a +0 scale mail
 p - a +2 chain mail of cold resistance (worn)
 q - a +0 helmet (worn)
Jewellery
 m - a ring of flight (left hand)
Wands
 k - a wand of acid (8)
 o - a wand of polymorph (7)
Scrolls
 g - a scroll of fear
Potions
 f - a potion of brilliance
 i - a potion of cancellation
 s - a potion of haste {unknown}


   Skills:
 - Level 4.0 Fighting
 + Level 5.0 Short Blades
 - Level 1.7 Throwing
 - Level 2.0 Dodging
 - Level 6.0 Stealth


You had 6 spell levels left.
You didn't know any spells.
Your spell library contained the following spells:

 Spells                   Type           Power      Damage    Failure   Level
 Animate Skeleton         Necr           0%         N/A       100%        1
 Apportation              Tloc           0%         N/A       100%        1
 Corona                   Hex            0%         N/A       100%        1
 Sandblast                Erth           0%         2d4       100%        1
 Summon Small Mammal      Summ           0%         N/A       100%        1
 Passwall                 Tmut/Erth      0%         N/A       100%        2
 Stone Arrow              Conj/Erth      0%         3d7       100%        3
 Petrify                  Tmut/Erth      0%         N/A       100%        4
 Lee's Rapid Deconstruct  Erth           0%         3d5*      100%        5


Dungeon Overview and Level Annotations

Branches:
Dungeon (4/15)
 Temple: D:4-7

Altars:
Gozag
Vehumet

Shops:
D:3 [((   D:4 =

Annotations:
D:1 fly vault
D:3 Sigmund
D:4 3 runed translucent doors, wakim's ghost, amateur DDFi


Innate Abilities, Weirdness & Mutations

You have extremely sharp teeth.
Your natural rate of healing is unusually fast.
When hurt, damage is shared between your health and your magic reserves.
Your bite disrupts and absorbs the magic of your enemies.
Potions cannot restore your health.


Message History

You feel sick. Something hits you.
You are more poisoned.
You closely miss something. Your bite misses something.
You feel very sick. Something hits you!
You closely miss something. You bite something. You drain its magic.
You feel invigorated.
You feel very sick. You block something's attack.
You barely miss something. Your bite misses something.
You feel sick.
You hear some strange, mumbled words.
You are confused.
You hit something. You bite something.
You feel sick.
You feel sick. Something hits you.
* * * LOW HITPOINT WARNING * * *
You are more poisoned.
Unknown command.
It was a potion of brilliance.
You feel clever all of a sudden.
You feel very sick. Something hits you but does no damage.
You are more poisoned.
It was a potion of cancellation.
Your magical effects are unravelling.
You feel magically purged.
You feel less confused.
You feel a little less clever now.
* * * LOW HITPOINT WARNING * * *
You feel very sick. Something hits you.
* * * LOW HITPOINT WARNING * * *
You are more poisoned.
It was a potion of heal wounds.
That seemed strangely inert.
* * * LOW HITPOINT WARNING * * *
You feel very sick. Something hits you but does no damage.
You are more poisoned.
Unknown command.
It was a potion of attraction.
You feel attractive to monsters.
You die...

#.########.......
#...###########..
#................
####.#########..).
#.......# #.##.
###########....# ##.##.
...............#####⌠.⌠..
..#...#...#.......#..∩...
....(({.@.......#.#.⌠.⌠..
..#...#...##....#...#....
........!..#......#......
############....#.#...P..
##....).....∩P
#######...PP. #......
#....## #......


There were no monsters in sight!

Vanquished Creatures
  A phantom (D:4)
  A scorpion (D:4)
  4 orc priests
  A hound (D:4)
  Crazy Yiuf (D:4)
  Natasha (thrice) (D:3)
  A hound skeleton (D:4)
  Robin (D:4)
  3 adders
  A worm (D:3)
  9 orcs
  8 endoplasms
  3 giant cockroaches
  12 goblins
  11 hobgoblins
  A quokka (D:3)
  5 ball pythons
  8 bats
  6 frilled lizards
  5 kobolds
  6 rats
91 creatures vanquished.

Vanquished Creatures (others)
  2 plants (D:3)
2 creatures vanquished.

Grand Total: 93 creatures vanquished

Notes
Turn   | Place    | Note
-------+----------+-------------------------------------------
     0 | D:1      | tilp the Vine Stalker Brigand began the quest for the Orb.
     0 | D:1      | Reached XP level 1. HP: 11/11 MP: 2/2
   143 | D:1      | Found a faded altar of an unknown god.
   343 | D:1      | Reached XP level 2. HP: 15/15 MP: 3/3
  1008 | D:2      | Reached XP level 3. HP: 19/19 MP: 4/4
  1839 | D:3      | Gained mutation: Your natural rate of healing is unusually
                  | fast. [Vine Stalker growth]
  1839 | D:3      | Reached XP level 4. HP: 14/24 MP: 5/5
  1922 | D:3      | Found Cegiboz's Antique Weapon Shoppe.
  1924 | D:3      | Found Tuvuj's Armour Boutique.
  1949 | D:3      | Found a radiant altar of Vehumet.
  2077 | D:3      | Reached XP level 5. HP: 28/28 MP: 6/6
  2146 | D:3      | Noticed Sigmund
  2192 | D:3      | Found Rakos's Antique Weapon Shoppe.
  2260 | D:3      | Noticed Natasha
  2281 | D:3      | Killed Natasha
  2318 | D:3      | Noticed Natasha
  2327 | D:3      | Killed Natasha
  2386 | D:3      | Noticed Natasha
  2401 | D:3      | Killed Natasha
  2465 | D:4      | Found a runed translucent gate.
  2465 | D:4      | Found a runed translucent gate.
  2465 | D:4      | Found an opulent altar of Gozag.
  2465 | D:4      | Found a runed translucent gate.
  2467 | D:4      | Noticed wakim's ghost (amateur DDFi)
  2468 | D:4      | Noticed a deep elf pyromancer
  2521 | D:4      | Noticed Robin
  2548 | D:4      | Reached XP level 6. HP: 33/33 MP: 7/7
  2580 | D:4      | Reached skill level 1 in Dodging
  2580 | D:4      | Reached skill level 5 in Stealth
  2605 | D:4      | Killed Robin
  2857 | D:4      | Reached XP level 7. HP: 37/37 MP: 6/8
  3015 | D:4      | Found Woalial's Jewellery Emporium.
  3034 | D:4      | Reached skill level 6 in Stealth
  3181 | D:4      | Found a runed translucent door.
  3182 | D:4      | Noticed Crazy Yiuf
  3193 | D:4      | Killed Crazy Yiuf
  3194 | D:4      | Reached skill level 5 in Short Blades
  3274 | D:4      | Identified a scroll of acquirement
  3274 | D:4      | Acquired 577 gold pieces
  3306 | D:3      | Bought a +2 chain mail of cold resistance for 215 gold
                  | pieces
  3342 | D:3      | HP: 1/37 [poisoned by Sigmund]
  3343 | D:3      | Succumbed to Sigmund's poison

Illustrated notes

Levels and vault maps discovered:
D:1:      grunt_arrival_lava_bath, layout_loops_ring,
          shapermc_ecumenical_altar_totnotflames, nrook_campfire, minivault_19,
          minmay_tall_x
D:2:      layout_basic, hex_medium, minmay_misc_feat_secret_circle
D:3:      layout_basic, nicolae_overflow_crystal_walls,
          lemuel_coloured_pillars_altar, serial_shops, nicolae_shop_statue_plus,
          nicolae_shop_overgrown_old_shop, shop_fountains,
          amcnicky_mini_pool_small, grunt_ministairs_14,
          kennysheep_generic_room_3, uniq_sigmund, uniq_natasha
D:4:      layout_gridville, serial_shops, shop, ebering_ghost_gozag,
          hangedman_decor_lopped, uniq_crazy_yiuf_cottage, uniq_robin

Skill      XL: |  1  2  3  4  5  6  7 |
---------------+----------------------+-----
Fighting       | 2 3 4 |  4.0
Short Blades   | 2 3 4 5 |  5.0
Dodging        | 2 |  2.0
Stealth        | 5 6 |  6.0
Throwing       | |  1.7

Action                   |  1- 3 |  4- 6 |  7- 9 || total
-------------------------+-------+-------+-------++-------
Melee: Dagger            |    89 |   150 |    39 ||   278
       Bite              |    18 |    42 |    16 ||    76
       Unarmed           |       |     5 |       ||     5
Throw: Dart              |     1 |    17 |     2 ||    20
  Use: Scroll            |     6 |     3 |     3 ||    12
       Potion            |       |       |     4 ||     4
 Stab: Sleeping          |    17 |       |     1 ||    18
Armor: Robe              |    19 |       |       ||    19
       Scale mail        |     6 |    51 |    13 ||    70
       Chain mail        |       |       |     3 ||     3
Dodge: Dodged            |    32 |    48 |    16 ||    96
Block: Buckler           |     2 |    22 |     9 ||    33

Table legend: (Time is in decaauts)
 A = Elapsed time spent in this place.
 B = Non-inter-level travel time spent in this place.
 C = Inter-level travel time spent in this place.
 D = Time resting spent in this place.
 E = Time spent auto-exploring this place.
 F = Levels seen in this place.
 G = Mean time per level.
                   A        B        C        D        E       F      G
               +--------+--------+--------+--------+--------+-----+--------+
         Total |   3299 |   3026 |    273 |     72 |   2240 |   4 |  824.8 |
       Dungeon |   3299 |   3026 |    273 |     72 |   2240 |   4 |  824.8 |
               +--------+--------+--------+--------+--------+-----+--------+

Top non-repeatable levels by time:
     D:1: 980 daAuts
     D:4: 784 daAuts
     D:3: 768 daAuts
     D:2: 765 daAuts
